 Dungeon Crawl Stone Soup version 0.23.0-2-g0fe3ce5 (webtiles) character file.

Game seed: 8568118015170720264

19572 Kairos the Cleaver (level 12, 0/63 HPs)
             Began as a Vine Stalker Fighter on Feb 19, 2019.
             Was a High Priest of Qazlal.
             Slain by a spiny frog (2 damage)
             ... on level 4 of the Lair of Beasts.
             The game lasted 00:21:08 (10119 turns).

Kairos the Cleaver (Vine Stalker Fighter)          Turns: 10119, Time: 00:21:09

Health: 0/63       AC: 16    Str: 24    XL:     12   Next: 70%
Magic:  0/23       EV: 12    Int:  8    God:    Qazlal [*****.]
Gold:   745        SH: 18    Dex: 14    Spells: 10/11 levels left

rFire    . . .     SeeInvis .   a - +2 war axe
rCold    + . .     Gourm    .   c - +0 shield
rNeg     + . .     Faith    +   J - +3 scale mail
rPois    +         Spirit   +   (no helmet)
rElec    .         Reflect  .   B - +1 cloak {rPois}
rCorr    .         Harm     .   E - +1 pair of gloves of the Tuna {rPois rN+}
MR       +....                  q - +0 pair of boots
Stlth    +.........             M - amulet of faith
HPRegen  1.00/turn              y - ring of magical power
MPRegen  0.18/turn              H - ring of protection from cold

@: about to teleport, repel missiles
A: fangs 3, regeneration 2, magic shield, antimagic bite, no potion heal 3, rot
immunity
a: Upheaval, Elemental Force, Disaster Area, Renounce Religion


You were on level 4 of the Lair of Beasts.
You worshipped Qazlal.
Qazlal was extremely pleased with you.
You were not hungry.

You visited 2 branches of the dungeon, and saw 13 of its levels.

You collected 745 gold pieces.

Inventory:

Hand Weapons
 a - a +2 war axe (weapon)
 e - a +2 whip of flaming
 C - a +0 flail
 F - the +2 mace of Onauceh {venom, rPois rC- rN+++ Int-5}
   (You found it on level 7 of the Dungeon)

   It poisons the flesh of those it strikes.
   It affects your intelligence (-5).
   It makes you vulnerable to cold.
   It protects you from poison.
   It renders you almost immune to negative energy.
 G - a +0 trident of flaming
 P - the +5 mace of Duynoag {crush, rElec rC++ Str+2 Dex-2}
   (You found it on level 3 of the Lair of Beasts)

   It inflicts extra damage upon your enemies.
   It affects your strength (+2).
   It affects your dexterity (-2).
   It greatly protects you from cold.
   It insulates you from electricity.
Missiles
 A - 5 silver javelins
 D - 12 tomahawks
 L - a throwing net (quivered)
Armour
 c - a +0 shield (worn)
 q - a +0 pair of boots (worn)
 B - a +1 cloak of poison resistance (worn)
 E - the +1 pair of gloves of the Tuna (worn) {rPois rN+}
   (You found it on level 2 of the Lair of Beasts)

   It protects you from poison.
   It protects you from negative energy.
 J - a +3 scale mail (worn)
Jewellery
 s - an uncursed amulet of magic regeneration
 t - an uncursed ring of fire
 y - a ring of magical power (left hand)
 z - an uncursed ring of positive energy
 H - a ring of protection from cold (right hand)
 M - an amulet of faith (around neck)
 R - an uncursed ring of magical power
Wands
 k - a wand of iceblast (5)
 S - a wand of flame (4)
Scrolls
 b - 5 scrolls of remove curse
 j - 6 scrolls of immolation
 m - a scroll of amnesia {unknown}
 r - 5 scrolls of fog
 u - a scroll of enchant armour {unknown}
 v - 2 scrolls of magic mapping {unknown}
 x - 6 scrolls of teleportation
 N - 2 scrolls of identify
 O - a scroll of vulnerability {unknown}
Potions
 d - a potion of might
 g - a potion of flight {unknown}
 h - 10 potions of curing
 i - 4 potions of brilliance {unknown}
 l - 2 potions of ambrosia {unknown}
 n - 2 potions of lignification {unknown}
 o - a potion of mutation {unknown}
 p - a potion of berserk rage {unknown}
 w - 2 potions of heal wounds {unknown}
 I - a potion of cancellation {unknown}
 K - 2 potions of haste {unknown}
 Q - 2 potions of agility {unknown}
Comestibles
 f - 25 rations
 T - 9 chunks of flesh


   Skills:
 + Level 7.1 Fighting
 + Level 11.8 Axes
 + Level 7.3 Armour
 + Level 5.8 Dodging
 + Level 3.4 Stealth
 + Level 8.9 Shields
 + Level 2.0 Invocations


You had 10 spell levels left.
You knew the following spells:

 Your Spells              Type           Power        Failure   Level  Hunger
a - Animate Skeleton      Necr           N/A          91%         1    ##.....

Your spell library contained the following spells:

 Spells                   Type           Power        Failure   Level  Hunger
 Apportation              Tloc           #.....       91%         1    ##.....
 Sandblast                Erth           #.....       91%         1    ##.....
 Summon Butterflies       Summ           #.......     91%         1    ##.....
 Corpse Rot               Necr           N/A          97%         2    ###....
 Lesser Beckoning         Tloc           #.........   99%         3    ####...
 Tukima's Dance           Hex            #.......     99%         3    ####...
 Alistair's Intoxication  Tmut/Pois      #.......     100%        5    ######.
 Dispel Undead            Necr           #.......     100%        5    ######.
 Excruciating Wounds      Chrm/Necr      #.........   100%        5    ######.
 Invisibility             Hex            #.......     100%        6    #######
 Simulacrum               Ice/Necr       #.........   100%        6    #######


Dungeon Overview and Level Annotations

Branches:
Dungeon (9/15)             Temple (0/1) D:7            Lair (4/6) D:9
 Shoals (0/4) Lair:3       Spider (0/4) Lair:2          Orc (0/2) D:9

Altars:
Elyvilon
Fedhas
Nemelex Xobeh
Qazlal
Sif Muna
Xom
The Shining One

Shops:
D:8 !

Annotations:
Lair:2 exclusion: 2 oklob plants


Innate Abilities, Weirdness & Mutations

You have razor-sharp teeth.
You heal very quickly.
When hurt, damage is shared between your health and your magic reserves.
Your bite disrupts and absorbs the magic of your enemies.
Potions cannot restore your health.
You are immune to rotting.


Message History

You fall asleep.
The blink frog hits the plant.
You wake up.
The blink frog blinks!
You block the spiny frog's attack.
A spiny frog comes into view.
The spiny frog is engulfed in freezing vapours.
The dream sheep bites the fungus.
The blink frog is engulfed in freezing vapours.
The blink frog seems to slow down.
It was a potion of curing.
That felt strangely inert.
You hear a bellow!
The dream sheep shake their wool and sparkle.
You feel drowsy...
You fall asleep.
The bullfrog closely misses you. The spiny frog stings you!!!
You wake up.
Ouch! That really hurt!
* * * LOW HITPOINT WARNING * * *
You block the spiny frog's attack.
As you read the scroll of teleportation, it crumbles to dust.
You feel strangely unstable. You block the bullfrog's attack.
The spiny frog closely misses you. The spiny frog stings you.
You die...

##......PPP# ...... ##.......##
#.. ##......#.# #. # #.........#
########### ####.......##
#####...##.#.#.
.......#....#######.P............
#.>.#####.....#.##°.Y.....§......
##### ##.....☼.FY.Y..F.P#..#..#
#.....F@○§.Y...#########
####.....§.FF.....#
#.#.......§.☼.....## ##
###...†####..........#
#.###......###.#.........#.
...#........#####.........#
...........##.###...........
.#...........###............
#.#.........###............


You could see 2 spiny frogs, 2 blink frogs, a bullfrog and 4 dream sheep.

Vanquished Creatures
  3 death yaks (Lair:3)
  Pikel (D:7)
  4 elephants (Lair:4)
  A manticore (Lair:3)
  Maurice (D:8)
  10 spiny frogs
  2 komodo dragons (Lair:3)
  A merfolk (D:9)
  5 jumping spiders (Lair:2)
  3 hippogriffs
  6 blink frogs
  2 redbacks (Lair:2)
  A wyvern (Lair:3)
  11 yaks
  Grum (Lair:1)
  A hungry ghost (D:9)
  6 water moccasins
  9 porcupines
  3 orc warriors
  2 black bears (D:9)
  3 ice beasts
  A sky beast (D:6)
  5 ogres
  A necrophage (D:9)
  4 wolves (Lair:1)
  4 centaurs
  A phantom (D:8)
  7 crocodiles
  17 bullfrogs
  A scorpion (D:8)
  4 killer bees (D:9)
  2 electric eels
  4 howler monkeys
  A bullfrog zombie (D:9)
  4 crimson imps
  2 quasits
  A bullfrog skeleton (D:6)
  A hound (D:9)
  3 jellies (D:8)
  3 orc priests
  Crazy Yiuf (D:7)
  A centaur skeleton (D:6)
  3 iguanas
  2 orc wizards
  3 worker ants
  2 hound skeletons
  2 worker ant zombies
  17 adders
  A howler monkey skeleton (D:8)
  A shadow imp (D:7)
  An ooze (D:1)
  4 adder skeletons
  2 worms (D:2)
  2 dart slugs (D:1)
  A leopard gecko (D:1)
  40 orcs
  7 bats
  7 giant cockroaches
  4 goblins
  10 hobgoblins
  2 jackals (D:8)
  6 kobolds
  3 quokkas
  A ball python (D:1)
  7 frilled lizards
  8 rats
280 creatures vanquished.

Vanquished Creatures (others)
  A slave (D:7)
  An orc wizard (D:7)
  2 orcs (D:7)
  A quokka (D:7)
  4 fungi
9 creatures vanquished.

Grand Total: 289 creatures vanquished

Notes
Turn   | Place    | Note
-------+----------+-------------------------------------------
     0 | D:1      | Kairos the Vine Stalker Fighter began the quest for the
                  | Orb.
     0 | D:1      | Reached XP level 1. HP: 11/11 MP: 2/2
   131 | D:1      | Reached XP level 2. HP: 13/16 MP: 3/3
   284 | D:1      | Reached XP level 3. HP: 16/20 MP: 4/4
   710 | D:2      | Found a stormy altar of Qazlal.
   738 | D:2      | Became a worshipper of Qazlal Stormbringer
   741 | D:2      | Reached skill level 2 in Axes
  1081 | D:2      | Gained mutation: Your natural rate of healing is unusually
                  | fast. [Vine Stalker growth]
  1081 | D:2      | Reached XP level 4. HP: 24/24 MP: 5/5
  1582 | D:3      | Reached * piety under Qazlal
  1631 | D:3      | Reached XP level 5. HP: 28/28 MP: 6/6
  1799 | D:3      | Reached skill level 1 in Dodging
  1887 | D:4      | Reached skill level 3 in Axes
  1957 | D:4      | Found a blossoming altar of Fedhas.
  1960 | D:4      | Noticed a centaur
  1984 | D:4      | Killed a centaur
  1984 | D:4      | Reached XP level 6. HP: 17/32 MP: 7/7
  2272 | D:4      | Identified Sif Muna's Volume of Unholy Arts and Earth
  2652 | D:4      | Learned a level 1 spell: Animate Skeleton
  2782 | D:5      | Entered Level 5 of the Dungeon
  2877 | D:5      | Reached ** piety under Qazlal
  2881 | D:5      | Reached skill level 4 in Axes
  2955 | D:5      | Reached XP level 7. HP: 30/36 MP: 8/8
  3688 | D:6      | Gained mutation: You have razor-sharp teeth. [Vine Stalker
                  | growth]
  3688 | D:6      | Reached XP level 8. HP: 42/42 MP: 9/9
  3726 | D:6      | Reached skill level 5 in Axes
  4256 | D:7      | Reached skill level 6 in Axes
  4276 | D:7      | Found a deep blue altar of Sif Muna.
  4349 | D:7      | Noticed Pikel
  4366 | D:7      | Killed Pikel
  4366 | D:7      | Reached skill level 1 in Stealth
  4366 | D:7      | Reached skill level 5 in Shields
  4366 | D:7      | Reached skill level 1 in Invocations
  4366 | D:7      | Reached XP level 9. HP: 41/46 MP: 11/11
  4391 | D:7      | Found a white marble altar of Elyvilon.
  4603 | D:7      | Reached skill level 7 in Axes
  4624 | D:7      | Found a staircase to the Ecumenical Temple.
  5096 | D:7      | Found a runed translucent door.
  5097 | D:7      | Noticed Crazy Yiuf
  5119 | D:7      | Killed Crazy Yiuf
  5146 | D:7      | Got a brightly glowing mace
  5147 | D:7      | Identified the +2 mace of Onauceh {venom, rPois rC- rN+++
                  | Int-5} (You found it on level 7 of the Dungeon)
  5273 | D:8      | Reached skill level 5 in Fighting
  5281 | D:8      | Reached *** piety under Qazlal
  5301 | D:8      | Found Logassesm's Distillery.
  5417 | D:8      | Noticed Maurice
  5439 | D:8      | Paralysed by something for 7 turns
  5883 | D:8      | Killed Maurice
  5883 | D:8      | Reached skill level 8 in Axes
  5883 | D:8      | Reached skill level 5 in Armour
  5883 | D:8      | Reached XP level 10. HP: 46/51 MP: 12/12
  6242 | D:9      | Reached skill level 9 in Axes
  6694 | D:9      | Found a sparkling altar of Nemelex Xobeh.
  6694 | D:9      | Found a glowing golden altar of the Shining One.
  6694 | D:9      | Found a shimmering altar of Xom.
  6851 | D:9      | Reached **** piety under Qazlal
  6943 | D:9      | Found a staircase to the Orcish Mines.
  7042 | D:9      | Found a staircase to the Lair.
  7288 | Lair:1   | Entered Level 1 of the Lair of Beasts
  7309 | Lair:1   | Noticed Grum
  7309 | Lair:1   | Noticed a spiny frog
  7409 | Lair:1   | Reached XP level 11. HP: 27/56 MP: 13/13
  7443 | Lair:1   | Reached skill level 10 in Axes
  7632 | Lair:1   | Killed Grum
  8048 | Lair:2   | Reached skill level 5 in Dodging
  8093 | Lair:2   | HP: 2/56 [spiny frog (10)]
  8359 | Lair:2   | Found a hole to the Spider Nest.
  8415 | Lair:2   | Reached ***** piety under Qazlal
  8463 | Lair:2   | Gained mutation: You heal very quickly. [Vine Stalker
                  | growth]
  8463 | Lair:2   | Reached XP level 12. HP: 47/62 MP: 14/14
  8749 | Lair:2   | Got a pair of transparent gloves
  8756 | Lair:2   | Identified the +1 pair of gloves of the Tuna {rPois rN+}
                  | (You found it on level 2 of the Lair of Beasts)
  9163 | Lair:3   | Reached skill level 11 in Axes
  9346 | Lair:3   | Noticed a death yak
  9347 | Lair:3   | Noticed a death yak
  9349 | Lair:3   | Noticed a death yak
  9350 | Lair:3   | Found a staircase to the Shoals.
  9360 | Lair:3   | Killed a death yak
  9397 | Lair:3   | Killed a death yak
  9423 | Lair:3   | Killed a death yak
  9428 | Lair:3   | Got a transparent mace
  9633 | Lair:3   | Identified the +5 mace of Duynoag {crush, rElec rC++ Str+2
                  | Dex-2} (You found it on level 3 of the Lair of Beasts)
 10118 | Lair:4   | HP: 1/63 [spiny frog (39)]
 10119 | Lair:4   | Slain by a spiny frog

Skill      XL: |  1  2  3  4  5  6  7  8  9 10 11 12 |
---------------+-------------------------------------+-----
Fighting       | 3 4 5 6 7 |  7.1
Shields        | 3 4 5 6 8 |  8.9
Armour         | 3 4 5 6 7 |  7.3
Axes           | 2 3 4 6 8 9 10 11 | 11.8
Dodging        | 1 2 3 4 5 |  5.8
Stealth        | 1 2 3 |  3.4
Invocations    | 1 2 |  2.0

Action                   |  1- 3 |  4- 6 |  7- 9 | 10-12 || total
-------------------------+-------+-------+-------+-------++-------
Melee: War axe           |    93 |   158 |   279 |   436 ||   966
       Bite              |    28 |    45 |   106 |   156 ||   335
Throw: Throwing net      |       |       |       |     1 ||     1
Invok: Upheaval          |       |       |     4 |     2 ||     6
  Use: Scroll            |       |     3 |     5 |     4 ||    12
       Potion            |       |       |       |     1 ||     1
  Eat: Chunk             |       |     6 |     8 |    11 ||    25
       Ration            |       |       |     1 |     1 ||     2
Armor: Scale mail        |    38 |       |       |   116 ||   154
       Ring mail         |     5 |    74 |   102 |    38 ||   219
Dodge: Dodged            |    29 |    54 |    85 |   177 ||   345
Block: Shield            |    43 |   113 |   169 |   426 ||   751
